 Dungeon Crawl Stone Soup version 0.20.0-10-g0535bb4 (webtiles) character file.

34870 tv1990 the Severer (level 13, -4/119 HPs)
             Began as a Minotaur Berserker on June 1, 2017.
             Was a High Priest of Trog.
             Slain by a death yak (7 damage)
             ... on level 6 of the Lair of Beasts on June 3, 2017.
             The game lasted 00:41:48 (15037 turns).

tv1990 the Severer (Minotaur Berserker)            Turns: 15037, Time: 00:41:49

Health: -4/119     AC: 21    Str: 22    XL:     13   Next: 44%
Magic:  12/12      EV:  2    Int:  4    God:    Trog [*****.]
Gold:   1149       SH:  0    Dex: 15    Spells: 12/12 levels left

rFire    . . .     SeeInvis .   Z - +1 battleaxe (freeze)
rCold    + . .     Gourm    .   (shield currently unavailable)
rNeg     + + +     Faith    .   E - +0 plate armour
rPois    ∞         Spirit   .   (helmet restricted)
rElec    .         Reflect  +   L - +1 cloak of Egalitarianism {Stlth+}
rCorr    +         Harm     .   r - +0 pair of gloves
MR       ++...                  X - +0 pair of boots
Stlth    ..........             V - +2 amulet of reflection
Regen    1.3/turn               p - ring of resist corrosion
MPRegen  0.2/turn               M - ring of protection from cold

@: petrified, berserk cooldown, regenerating, hasted and slowed
A: retaliatory headbutt, horns 2, poison resistance, wild magic 1
a: Berserk, Trog's Hand, Brothers in Arms, Burn Spellbooks, Renounce Religion


You were on level 6 of the Lair of Beasts.
You worshipped Trog.
Trog was extremely pleased with you.
You were very hungry.

You visited 2 branches of the dungeon, and saw 16 of its levels.
You also visited: Labyrinth and Ice Cave.

You collected 1386 gold pieces.
You spent 237 gold pieces at shops.

Inventory:

Hand Weapons
 q - a +1 vampiric war axe
 T - a +0 flail
 Z - a +1 battleaxe of freezing (weapon)
Missiles
 d - 6 poisoned javelins (quivered)
 u - 3 javelins of penetration
 Y - 7 javelins
Armour
 r - a +0 pair of gloves (worn)
 A - a +0 cloak
 E - a +0 plate armour (worn)
 L - the +1 cloak of Egalitarianism (worn) {Stlth+}
   (You bought it in a shop on level 9 of the Dungeon)

   It makes you more stealthy.
 X - a +0 pair of boots (worn)
Jewellery
 p - a ring of resist corrosion (left hand)
 C - an uncursed ring of protection from magic
 G - a +1 ring of evasion
 M - a ring of protection from cold (right hand)
 U - the ring "Rataczu" {Ice Int+3}
   (You found it in an ice cave)

   [ring of ice]

   It enhances your ice magic.
   It affects your intelligence (+3).
   It makes you vulnerable to fire.
   It protects you from cold.
 V - a +2 amulet of reflection (around neck)
Wands
 m - a wand of iceblast (8/15)
 z - a wand of iceblast (9/15)
 H - a wand of lightning (5/15)
 J - a wand of lightning (7/15)
 N - a wand of disintegration (16/24)
 P - a wand of disintegration (7/24)
 Q - a wand of acid (3/15)
 R - a wand of iceblast (8/15)
 S - a wand of scattershot (2/9)
Scrolls
 a - a scroll of fog
 b - 2 scrolls of enchant armour
 k - 4 scrolls of remove curse
 s - 2 scrolls of recharging
 w - 2 scrolls of immolation
 x - a scroll of summoning
 y - 8 scrolls of teleportation
 B - a scroll of amnesia
 F - a scroll of identify
 I - 3 scrolls of enchant weapon
 K - 2 scrolls of vulnerability
Potions
 e - 12 potions of curing
 f - 3 potions of lignification
 h - 5 potions of heal wounds
 j - 2 potions of berserk rage
 l - 3 potions of invisibility
 n - 2 potions of cancellation
 o - 2 potions of brilliance
 t - 5 potions of agility
 v - a potion of might
 D - a potion of haste
 O - 2 potions of ambrosia
Comestibles
 c - 12 bread rations
 g - 6 meat rations
 i - 6 royal jellies


   Skills:
 - Level 12.8 Fighting
 + Level 16.8 Axes
 - Level 12.6 Armour
 - Level 11.4 Dodging


You had 12 spell levels left.
You didn't know any spells.

Dungeon Overview and Level Annotations

Branches:
Dungeon (10/15)            Temple (0/1) D:4            Lair (6/6) D:10
 Shoals (0/4) Lair:3        Snake (0/4) Lair:4        Slime (0/5) Lair:5
    Orc: D:9-12

Altars:
Elyvilon
Hepliaklqana
Kikubaaqudgha
Makhleb
Okawaru
Ru
Sif Muna
Vehumet
Yredelemnul
Zin
The Shining One

Shops:
D:4 [   D:9 [

Annotations:
Lair:2 Sonja


Innate Abilities, Weirdness & Mutations

You reflexively headbutt those who attack you in melee.
You have a pair of horns on your head.
Your system is resistant to poisons. (rPois)
Your spells are a little harder to cast, but a little more powerful.


Message History

The ten-headed hydra bites you but does no damage.
The ten-headed hydra bites you.
* * * LOW HITPOINT WARNING * * *
The ten-headed hydra bites you but does no damage.
The ten-headed hydra bites you!
* * * LOW HITPOINT WARNING * * *
The ten-headed hydra bites you!
* * * LOW HITPOINT WARNING * * *
The death yak gores you but does no damage.
The ten-headed hydra bites you but does no damage.
The ten-headed hydra bites you. x2
* * * LOW HITPOINT WARNING * * *
The ten-headed hydra bites you but does no damage.
The ten-headed hydra bites you.
* * * LOW HITPOINT WARNING * * *
The ten-headed hydra bites you but does no damage. x3
The ten-headed hydra barely misses you.
The ten-headed hydra bites you but does no damage.
The death yak gores you!
You die...

P.. ##...#.....#
..P#####..#.......#
.....#..<........##
.........<....##
.#...........#
##Y.......###
#YY......#
##DYY....##
#@Y#....##
####§..## ##Y###
...#.##.Y# #.....Y#
..Y..#.#..§
Y.......#..§.
.....##. ...§.Y
.Y... #. #...Y.


You could see 5 death yaks, a ten-headed hydra and a yak.

Vanquished Creatures
  A minotaur (Lab)
  Harold (Lair:3)
  2 ice dragons (IceCv)
  2 hydras
  A catoblepas (Lair:6)
  Urug (Lair:5)
  The ghost of cereshysteria the Cleaver, a novice MiCK of Xom (D:7)
  2 unseen horrors
  An ugly thing (D:10)
  6 elephants (Lair:6)
  4 black mambas
  2 ice statues (IceCv)
  3 spiny frogs
  6 rime drakes
  7 komodo dragons
  A troll (D:10)
  A minotaur skeleton (Lab)
  2 slime creatures (Lair:5)
  6 hippogriffs
  6 dream sheep (Lair:4)
  9 blink frogs
  A redback (Lab)
  27 yaks
  A spriggan (D:8)
  2 humans (D:9)
  A wyvern (Lair:4)
  Eustachio (D:6)
  Grum (D:9)
  A hungry ghost (Lab)
  Edmund (D:5)
  4 nagas (Lair:4)
  7 water moccasins
  4 porcupines
  2 phantoms
  5 sky beasts
  A black bear (D:4)
  17 ice beasts
  3 ogres
  15 wolves
  5 centaurs
  7 crocodiles
  A big kobold (D:8)
  3 gnoll sergeants
  9 bullfrogs
  2 wyvern zombies (D:10)
  4 scorpions
  4 killer bees (D:10)
  5 wights (D:6)
  4 electric eels
  A centaur zombie (D:8)
  A crimson imp (D:5)
  3 jellies
  2 bullfrog zombies
  4 orc priests
  2 hounds
  3 orc wizards
  2 bullfrog skeletons
  A gnoll shaman (D:5)
  6 iguanas
  6 worker ants
  2 killer bee zombies
  2 worker ant zombies
  24 gnolls
  11 adders
  7 shadow imps
  4 adder skeletons
  2 worms
  2 dart slugs (D:1)
  A leopard gecko (D:2)
  19 orcs
  2 ball pythons
  16 bats
  5 giant cockroaches
  4 goblins
  5 hobgoblins
  9 jackals
  12 kobolds
  2 quokkas
  3 frilled lizards
  A jackal zombie (D:5)
  A quokka skeleton (D:7)
  5 rats
  A spectral orc (D:3)
  3 fungi
377 creatures vanquished.

Vanquished Creatures (collateral kills)
  A hydra (Lair:1)
  A spiny frog (Lair:1)
2 creatures vanquished.

Vanquished Creatures (others)
  A bush (Lair:5)
  5 fungi (Lair:5)
  3 plants
9 creatures vanquished.

Grand Total: 388 creatures vanquished

Notes
Turn   | Place    | Note
-------+----------+-------------------------------------------
     0 | D:1      | tv1990 the Minotaur Berserker began the quest for the Orb.
     0 | D:1      | Reached XP level 1. HP: 19/19 MP: 0/0
   164 | D:1      | Reached skill level 4 in Axes
   297 | D:1      | Reached XP level 2. HP: 20/26 MP: 1/1
   610 | D:1      | Reached skill level 5 in Axes
   696 | D:2      | Reached XP level 3. HP: 20/31 MP: 2/2
   847 | D:2      | Reached ** piety under Trog
  1378 | D:2      | Reached XP level 4. HP: 33/39 MP: 3/3
  1546 | D:3      | Reached skill level 6 in Axes
  2278 | D:3      | Found a basalt altar of Yredelemnul.
  2448 | D:4      | Found a staircase to the Ecumenical Temple.
  2498 | D:4      | Found Bolaahug's Antique Armour Shop.
  2511 | D:4      | Reached skill level 7 in Axes
  2511 | D:4      | Reached XP level 5. HP: 23/45 MP: 4/4
  2794 | D:4      | Found a sacrificial altar of Ru.
  2847 | D:4      | Found a glowing silver altar of Zin.
  2889 | D:4      | Found a deep blue altar of Sif Muna.
  3104 | D:4      | Reached skill level 8 in Axes
  3104 | D:4      | Reached XP level 6. HP: 37/51 MP: 5/5
  3823 | D:5      | Entered Level 5 of the Dungeon
  3853 | D:5      | Reached skill level 9 in Axes
  3920 | D:5      | Reached XP level 7. HP: 57/57 MP: 6/6
  3929 | D:5      | Reached skill level 10 in Axes
  4022 | D:5      | Reached *** piety under Trog
  4116 | D:5      | Found a burning altar of Makhleb.
  4119 | D:5      | Noticed Edmund
  4127 | D:5      | Killed Edmund
  4127 | D:5      | Reached skill level 11 in Axes
  4394 | D:5      | Reached XP level 8. HP: 64/64 MP: 7/7
  4485 | D:5      | Reached skill level 12 in Axes
  4860 | D:6      | Noticed Eustachio
  4870 | D:6      | Killed Eustachio
  4923 | D:6      | Reached skill level 13 in Axes
  5668 | D:6      | Reached XP level 9. HP: 59/70 MP: 8/8
  5708 | D:6      | Reached skill level 14 in Axes
  5902 | D:7      | Found an ancient bone altar of Kikubaaqudgha.
  5916 | D:7      | Noticed cereshysteria's ghost (novice MiCK)
  5926 | D:7      | Killed cereshysteria's ghost
  5961 | D:7      | Reached skill level 15 in Axes
  6507 | D:8      | Reached **** piety under Trog
  6628 | D:8      | Reached skill level 16 in Axes
  6712 | D:8      | Gained mutation: Your spells are a little harder to cast, but a little more powerful. [mutagenic meat]
  6713 | D:8      | Gained mutation: Your system is resistant to poisons. (rPois) [mutagenic meat]
  6800 | D:8      | Reached XP level 10. HP: 70/79 MP: 9/9
  6963 | D:8      | Found a glowing golden altar of the Shining One.
  7101 | D:9      | Found a hazy altar of Hepliaklqana.
  7118 | D:9      | Found Saiprott's Antique Armour Shoppe.
  7132 | D:9      | Bought a scorched cloak for 237 gold pieces
  7142 | D:9      | Identified the +1 cloak of Egalitarianism {Stlth+} (You bought it in a shop on level 9 of the Dungeon)
  7182 | D:9      | Found a radiant altar of Vehumet.
  7217 | D:9      | Killed an unseen horror
  7217 | D:9      | Reached skill level 5 in Fighting
  7333 | D:9      | Found an iron altar of Okawaru.
  7334 | D:9      | Noticed Grum
  7350 | D:9      | Killed Grum
  7366 | D:9      | Reached skill level 5 in Armour
  7500 | D:9      | Reached skill level 5 in Dodging
  7785 | D:10     | Entered Level 10 of the Dungeon
  7789 | D:10     | Found a staircase to the Lair.
  7881 | D:10     | Noticed a white ugly thing
  7897 | D:10     | Killed a white ugly thing
  7914 | D:10     | Killed an unseen horror
  7939 | D:10     | Found a white marble altar of Elyvilon.
  7980 | D:10     | Reached ***** piety under Trog
  8454 | D:7      | Reached XP level 11. HP: 86/93 MP: 10/10
  8581 | Lair:1   | Entered Level 1 of the Lair of Beasts
  8592 | Lair:1   | Found a labyrinth entrance.
  8600 | Lab      | Entered a labyrinth
  9052 | Lab      | Noticed a minotaur
  9060 | Lab      | Killed a minotaur
  9094 | Lab      | Identified Cifomm's Disquisition on Changing and Translocation
  9106 | Lair:1   | Upgraded the game from 0.20.0-8-g6b59dc7 to 0.20.0-10-g0535bb4
  9213 | Lair:1   | Noticed a seven-headed hydra
  9222 | Lair:1   | Killed a seven-headed hydra
 10108 | Lair:1   | Noticed a six-headed hydra
 10147 | Lair:1   | Killed a six-headed hydra
 10556 | Lair:1   | Reached skill level 10 in Fighting
 10816 | Lair:2   | Noticed Sonja
 10824 | Lair:2   | Reached skill level 10 in Armour
 11085 | Lair:2   | Reached XP level 12. HP: 106/106 MP: 11/11
 11497 | Lair:3   | Found a staircase to the Shoals.
 11935 | Lair:3   | Noticed Harold
 11946 | Lair:3   | Killed Harold
 12626 | Lair:4   | Reached skill level 10 in Dodging
 12681 | Lair:4   | Found a staircase to the Snake Pit.
 12762 | Lair:4   | Noticed a four-headed hydra
 12769 | Lair:4   | Killed a four-headed hydra
 13239 | Lair:5   | Found a frozen archway.
 13259 | IceCv    | Entered an ice cave
 13633 | IceCv    | Noticed an ice dragon
 13634 | IceCv    | Noticed an ice dragon
 13645 | IceCv    | Killed an ice dragon
 13645 | IceCv    | Reached XP level 13. HP: 119/119 MP: 12/12
 13692 | IceCv    | Got a slimy brass ring
 13842 | IceCv    | Identified the ring "Rataczu" {Ice Int+3} (You found it in an ice cave)
 14000 | Lair:5   | Found a staircase to the Slime Pits.
 14397 | Lair:5   | Noticed Urug
 14406 | Lair:5   | Killed Urug
 14676 | Lair:6   | Entered Level 6 of the Lair of Beasts
 15035 | Lair:6   | HP: 5/119 [ten-headed hydra (4)]
 15036 | Lair:6   | HP: 2/119 [ten-headed hydra (2)]
 15037 | Lair:6   | Slain by a death yak

Skill      XL: |  1  2  3  4  5  6  7  8  9 10 11 12 |
---------------+-------------------------------------+-----
Axes           | 4 5 7 8 9 11 13 16 | 16.8
Fighting       | 4 7 10 12 | 12.8
Armour         | 3 7 10 12 | 12.6
Dodging        | 3 6 9 11 | 11.4

Action                   |  1- 3 |  4- 6 |  7- 9 | 10-12 | 13-15 || total
-------------------------+-------+-------+-------+-------+-------++-------
Melee: Hand axe          |    97 |    50 |       |       |       ||   147
       Headbutt          |     9 |    14 |    51 |   151 |    43 ||   268
       War axe           |       |    38 |   250 |   568 |    88 ||   944
       Flail             |       |       |       |    12 |       ||    12
       Unarmed           |       |       |       |     1 |       ||     1
       Battleaxe         |       |       |       |       |    45 ||    45
Throw: Javelin           |       |       |     1 |     9 |       ||    10
Invok: Berserk           |     1 |     3 |     7 |    14 |     4 ||    29
       Trog's Hand       |       |     3 |     7 |     9 |     1 ||    20
       Brothers in Arms  |       |       |       |     3 |       ||     3
       Burn Spellbooks   |       |       |       |     1 |       ||     1
  Use: Scroll            |     1 |     4 |    12 |    12 |       ||    29
       Potion            |       |       |       |       |     1 ||     1
 Stab: Sleeping          |       |     2 |       |       |       ||     2
       Petrified         |       |       |       |       |     6 ||     6
  Eat: Chunk             |     2 |     6 |    21 |    32 |     8 ||    69
       Meat ration       |       |     1 |       |     1 |       ||     2
       Royal jelly       |       |       |       |     4 |       ||     4
Armor: Animal skin       |    17 |     4 |       |       |       ||    21
       Ring mail         |       |    16 |    22 |       |       ||    38
       Plate armour      |       |       |    71 |   270 |   115 ||   456
Dodge: Dodged            |    60 |    27 |    87 |   277 |    77 ||   528
Block: Other             |       |       |       |       |     3 ||     3

Vault maps used:
D:1:      dpeg_arrival_stone_temple_mockup
D:3:      yredelemnul_forgotten_temple_becter, first_bread
D:4:      black_bear_nest_2, nicolae_overflow_hidden_temple,
          lemuel_doored_altar, minmay_temple_entry_hall, serial_shops, shop,
          nicolae_ru_awakened_eye
D:5:      makhleb_heckhound_becter, uniq_edmund
D:6:      kennysheep_boxes, uniq_eustachio
D:7:      old_standard_altar
D:8:      lemuel_crystal_altar, the_bakery
D:9:      lemuel_round_altar, okawaru_humans, lemuel_round_altar, serial_shops,
          nicolae_shop_overgrown_old_shop, uniq_grum
D:10:     lair_entry_dummy, basic_altar
Lair:1:   lab_entry_generic, grunt_megastairs_3, serial_bayou_shore_a
Lair:2:   beast_lair_carwin_1, lemuel_fruit_tree, uniq_sonja
Lair:3:   elwin_shoals_entry_rocks, uniq_harold
Lair:4:   minmay_snake_entry_guardpost_small, serial_bayou_crossing
Lair:5:   minmay_slime_entry_pillars, portal_ice_cave_rime, minivault_11,
          serial_bayou_shore_b, uniq_urug
Lair:6:   guppyfry_lair_end_dragon, hangedman_lair_in_review, special_room,
          minmay_lair_oklob_chamber
Lab:      labyrinth_hidden_loot, nicolae_lab_grate, nicolae_lab_diamond,
          nicolae_lab_lava, nicolae_lab_grate_2, nicolae_lab_arrow,
          nicolae_lab_plus
IceCv:    ice_cave_small_dragons
